 Dungeon Crawl Stone Soup version 0.27-a0-1579-g97d2440184 (webtiles) character file.

Game seed: 13683671373855469807

2829 pokeman the Thaumaturge (level 9, 0/49 HPs)
             Began as a Deep Elf Hedge Wizard on July 17, 2021.
             Was a Follower of Vehumet.
             Slain by a shadow imp (2 damage)
             ... on level 7 of the Dungeon on July 18, 2021.
             The game lasted 00:14:17 (8364 turns).

pokeman the Thaumaturge (Deep Elf Hedge Wizard)     Turns: 8364, Time: 00:14:18

Health: 0/49       AC:  4    Str:  7    XL:     9   Next: 45%
Magic:  17/26      EV: 12    Int: 23    God:    Vehumet [*.....]
Gold:   408        SH:  0    Dex: 14    Spells: 14/30 levels left

rFire    . . .     SeeInvis .   z - +2 dagger (venom)
rCold    . . .     Faith    .   (no shield)
rNeg     . . .     Spirit   .   i - +0 leather armour
rPois    .         Reflect  .   c - +0 hat
rElec    .         Harm     .   (no cloak)
rCorr    +         Rampage  .   h - +0 pair of gloves
Will     +....                  (no boots)
Stlth    ++........             (no amulet)
HPRegen  0.16/turn              e - ring of willpower
MPRegen  0.20/turn              x - ring of resist corrosion

@: no status effects
A: no striking features
a: Renounce Religion


You were on level 7 of the Dungeon.
You worshipped Vehumet.
Vehumet was aware of your devotion.
You visited 1 branch of the dungeon, and saw 8 of its levels.

You collected 408 gold pieces.

Inventory:

Hand Weapons
 v - a +0 shortbow
 z - a +2 dagger of venom (weapon)
Missiles
 t - 84 arrows
 B - 35 bolts
Armour
 c - a +0 hat (worn)
 h - a +0 pair of gloves (worn)
 i - a +0 leather armour (worn)
Jewellery
 e - a ring of willpower (left hand)
 l - a ring of see invisible
 x - a ring of resist corrosion (right hand)
Wands
 o - a wand of mindburst (13)
 C - a wand of paralysis (8)
Scrolls
 a - a scroll of noise {unknown}
 d - 3 scrolls of identify {unknown}
 f - 4 scrolls of enchant weapon {unknown}
 g - 6 scrolls of teleportation {unknown}
 j - a scroll of amnesia {unknown}
 m - 2 scrolls of silence {unknown}
 s - a scroll of magic mapping {unknown}
 w - a scroll of fear {unknown}
 y - a scroll of vulnerability {unknown}
 A - 2 scrolls of enchant armour {unknown}
Potions
 b - 3 potions of lignification {unknown}
 k - 2 potions of attraction {unknown}
 n - a potion of flight {unknown}
 p - a potion of haste {unknown}
 q - a potion of degeneration {unknown}
 r - 3 potions of heal wounds {unknown}
 u - a potion of mutation {unknown}
 D - 2 potions of curing {unknown}


   Skills:
 + Level 2.9 Fighting
 - Level 3.0 Armour
 - Level 3.0 Dodging
 - Level 3.0 Stealth
 * Level 11.4 Spellcasting
 + Level 6.4 Conjurations
 - Level 1.1 Summonings
 - Level 1.1 Translocations
 + Level 5.3 Fire Magic
 - Level 1.2 Air Magic
 - Level 1.1 Earth Magic
 - Level 1.0 Poison Magic
 - Level 1.0 Evocations


You had 14 spell levels left.
You knew the following spells:

 Your Spells              Type           Power      Damage    Failure   Level
a - Magic Dart            Conj           100%       1d8       1%          1
b - Mephitic Cloud        Conj/Pois/Air  26%        N/A       6%          3
c - Call Imp              Summ           18%        N/A       7%          2
d - Blink                 Tloc           N/A        N/A       7%          2
e - Conjure Flame         Conj/Fire      40%        6-21      1%          3
f - Bolt of Magma         Conj/Fire/Erth 16%        4d9       32%         5

Your spell library contained the following spells:

 Spells                   Type           Power      Damage    Failure   Level
 Freeze                   Ice            52%        1d7       7%          1
 Apportation              Tloc           36%        N/A       4%          1
 Summon Small Mammal      Summ           72%        N/A       4%          1
 Animate Skeleton         Necr           26%        N/A       7%          1
 Corona                   Hex            14%        N/A       7%          1
 Pain                     Necr           52%        1d6       7%          1
 Ignite Poison            Fire/Tmut/Pois 23%        N/A       9%          3
 Slow                     Hex            13%        N/A       11%         2
 Call Canine Familiar     Summ           18%        N/A       14%         3
 Summon Guardian Golem    Hex/Summ       15%        N/A       17%         3
 Vampiric Draining        Necr           6%         2d6       22%         3


Dungeon Overview and Level Annotations

Branches:
Dungeon (8/15)
 Temple: D:4-7         Lair: D:8-11

Altars:
Cheibriados
Kikubaaqudgha
Trog
Uskayaw
Vehumet
Zin
The Shining One

Shops:
D:2 (

Annotations:
D:3 3 runed translucent doors, DocClef's ghost, amateur GnDe


Message History

The orc priest is poisoned.
The orc priest is moderately wounded.
The orc priest calls down the wrath of Beogh upon you.
Pain shoots through your body!
You hit the orc priest.
The orc priest is heavily wounded.
The orc priest mumbles some strange prayers to Beogh against you.
Beogh smites you!
The shadow imp shouts, "Return whence thou came, thou painted common-kissing pigeon-egg!"
You hit the orc priest but do no damage.
The orc priest looks even sicker.
The orc priest is heavily wounded.
The orc priest mumbles some strange prayers to Beogh against you.
Beogh smites you!
* * * LOW HITPOINT WARNING * * *
Unknown command.
The orc priest mumbles some strange prayers to Beogh against you.
You easily resist.
The orc priest mumbles some strange prayers to Beogh against you.
Beogh smites you!
* * * LOW HITPOINT WARNING * * *
Casting: Mephitic Cloud (dangerous; 6% risk of failure)
Confirm with . or Enter, or press ? or * to list all spells.
Aiming: Mephitic Cloud (dangerous; 6% risk of failure)
Press: ? - help, Shift-Dir - straight line, f/p - orc priest
Aim: an orc priest, wielding a +0 falchion and wearing a +0 ring mail (almost dead, very poisoned, chance to affect: 86%)
The ball explodes into a vile cloud!
The stinking cloud engulfs the orc priest but does no damage.
The orc priest is almost dead.
The stinking cloud engulfs the shadow imp but does no damage.
The shadow imp is moderately wounded.
You kill the orc priest!
Vehumet accepts your kill.
Unknown command.
Unknown command.
Casting: Mephitic Cloud (dangerous; 6% risk of failure)
Confirm with . or Enter, or press ? or * to list all spells.
A beastly little devil appears in a puff of flame.
The shadow imp hits you.
You die...

##.... #....
......# ###....
#.....)##...#
#....# #.☼.## #.#
#☼○.# # # #.# #☼.##
.#. ..# ##5#
###.###.# ##@## ##
(....#.# #..5#
.#####.###.# #...#
).##.....#.####...#
.[.#.#.#.#.......##
..(..#.#...###.<##
...#.#.#.#.######
..##.....#..#
.#####.###..####


You could see a shadow imp (ally target) and a friendly crimson imp (summoned).

Vanquished Creatures
  A troll (D:7)
  5 yaks (D:8)
  2 orc warriors
  An ice beast (D:7)
  An ogre (D:4)
  3 centaurs
  2 phantoms (D:5)
  A bullfrog (D:7)
  A kobold brigand (D:7)
  2 scorpions
  A wyvern zombie (D:7)
  A howler monkey (D:4)
  A bullfrog zombie (D:7)
  4 hounds
  4 jellies
  An orc priest (D:7)
  Jessica (D:2)
  6 iguanas
  3 orc wizards
  A scorpion zombie (D:5)
  A killer bee zombie (D:5)
  6 gnolls (D:3)
  5 adders
  2 shadow imps
  A white imp (D:7)
  An ufetubus (D:5)
  An adder skeleton (D:4)
  3 worms
  4 dart slugs
  9 orcs
  3 endoplasms
  A giant cockroach (D:3)
  6 goblins
  7 hobgoblins
  7 jackals
  3 kobolds
  2 quokkas
  10 ball pythons
  A bat (D:2)
  4 frilled lizards
  A rat (D:3)
120 creatures vanquished.

Vanquished Creatures (collateral kills)
  2 gnolls (D:3)
2 creatures vanquished.

Vanquished Creatures (others)
  5 plants (D:7)
5 creatures vanquished.

Grand Total: 127 creatures vanquished

Notes
Turn   | Place    | Note
-------+----------+-------------------------------------------
     0 | D:1      | pokeman the Deep Elf Hedge Wizard began the quest for the
                  | Orb.
     0 | D:1      | Reached XP level 1. HP: 10/10 MP: 7/7
   598 | D:1      | Reached XP level 2. HP: 16/16 MP: 4/9
  1248 | D:2      | Found Ottiuhov's Weapon Boutique.
  1454 | D:2      | Noticed Jessica
  1460 | D:2      | Killed Jessica
  1461 | D:2      | Reached skill level 5 in Spellcasting
  1461 | D:2      | Reached XP level 3. HP: 20/20 MP: 4/11
  1465 | D:2      | Learned a level 3 spell: Mephitic Cloud
  1468 | D:2      | Learned a level 2 spell: Call Imp
  1471 | D:2      | Learned a level 2 spell: Blink
  1475 | D:2      | Learned a level 3 spell: Conjure Flame
  1481 | D:2      | Reached skill level 1 in Fighting
  1700 | D:2      | Found a glowing golden altar of the Shining One.
  1770 | D:2      | Reached skill level 1 in Armour
  2054 | D:3      | Reached XP level 4. HP: 25/25 MP: 3/13
  2421 | D:3      | Found a runed translucent gate.
  2421 | D:3      | Found a runed translucent gate.
  2422 | D:3      | Found a runed translucent gate.
  2422 | D:3      | Noticed DocClef's ghost (amateur GnDe)
  2423 | D:3      | Noticed a kobold brigand
  2995 | D:3      | Found a faded altar of an unknown god.
  3358 | D:3      | Reached skill level 6 in Spellcasting
  3358 | D:3      | Reached XP level 5. HP: 29/29 MP: 7/15
  3605 | D:3      | Learned a level 5 spell: Bolt of Magma
  3714 | D:4      | Noticed an ogre
  3771 | D:4      | Killed an ogre
  3772 | D:4      | Reached skill level 1 in Fire Magic
  3772 | D:4      | Reached skill level 1 in Air Magic
  3772 | D:4      | Reached XP level 6. HP: 9/34 MP: 0/17
  4115 | D:4      | Found a snail-covered altar of Cheibriados.
  4571 | D:4      | Reached skill level 7 in Spellcasting
  4571 | D:4      | Reached skill level 1 in Poison Magic
  4607 | D:4      | Reached skill level 1 in Earth Magic
  4854 | D:4      | Found a radiant altar of Vehumet.
  4867 | D:4      | Became a worshipper of Vehumet
  5234 | D:5      | Entered Level 5 of the Dungeon
  5306 | D:5      | Reached skill level 1 in Evocations
  5440 | D:5      | Reached XP level 7. HP: 38/38 MP: 10/20
  5833 | D:5      | Reached skill level 8 in Spellcasting
  6068 | D:5      | Found an ancient bone altar of Kikubaaqudgha.
  6078 | D:5      | Found a hide-covered altar of Uskayaw.
  6104 | D:5      | Identified the +1 ring mail "Takaphipt" {Stlth+}
  6258 | D:5      | HP: 2/40 [phantom (6)]
  6300 | D:5      | HP: 1/40 [phantom (2)]
  6721 | D:5      | Reached XP level 8. HP: 44/44 MP: 17/22
  6803 | D:5      | Found a bloodstained altar of Trog.
  7171 | D:6      | You fall into a shaft and drop 2 floors!
  7192 | D:8      | Reached skill level 9 in Spellcasting
  7302 | D:8      | Reached * piety under Vehumet
  7302 | D:8      | Offered knowledge of Freeze by Vehumet.
  7429 | D:8      | Reached skill level 5 in Conjurations
  7433 | D:8      | Reached skill level 10 in Spellcasting
  7671 | D:8      | Found a glowing silver altar of Zin.
  7715 | D:7      | Reached XP level 9. HP: 48/48 MP: 12/25
  7808 | D:7      | Noticed a troll
  7838 | D:7      | Killed a troll
  7839 | D:7      | Reached skill level 11 in Spellcasting
  7839 | D:7      | Reached skill level 5 in Fire Magic
  8361 | D:7      | HP: 2/49 [orc priest/divine providence (12)]
  8364 | D:7      | Slain by a shadow imp

Illustrated notes

Levels and vault maps discovered:
D:1:      dpeg_arrival_chambers_temple_mockup, layout_basic,
          chequers_serial_rivers_marsh
D:2:      layout_loops_ring, basic_altar, serial_shops, shop, uniq_jessica
D:3:      layout_basic, basic_ecumenical_altar, gammafunk_ghost_nasty_kobolds
D:4:      layout_gridville, nicolae_vehumet_radiance, kennysheep_slug_shrine,
          amcnicky_mini_pool_small
D:5:      layout_loops_corners, kennysheep_mini_moat, kennysheep_mini,
          lightli_temple_of_fire
D:6:      lemuel_ice_spiral_2, layout_basic, nicolae_qazlal_general_emergency
D:7:      minmay_the_grid_square_5x5_3x3 [minmay_the_grid_square_5x5_tri_point,
          minmay_the_grid_square_5x5_tie,
          minmay_the_grid_square_5x5_eight_small,
          minmay_the_grid_square_5x5_percent,
          minmay_the_grid_square_5x5_megaprize_hollow,
          minmay_the_grid_square_5x5_broken_cross,
          minmay_the_grid_square_5x5_comb, minmay_the_grid_square_5x5_eight,
          minmay_the_grid_square_5x5_three_walls], layout_layer_cave,
          led_xom_imps, minmay_temple_entry_butterflies,
          corexii_leaking_fountain, corexii_corridor_pit,
          eino_small_chamber_without_monster, minmay_lizard_king
D:8:      layout_loops_ring, nemelex_spade_bored_becter, zin_treasury,
          chequers_serial_rivers_large_b, kennysheep_cross_room

Skill      XL: |  1  2  3  4  5  6  7  8  9 |
---------------+----------------------------+-----
Spellcasting   | 5 6 7 8 10 11 | 11.4
Fighting       | 1 2 |  2.9
Armour         | 1 3 |  3.0
Conjurations   | 2 3 4 5 6 |  6.4
Dodging        | 3 |  3.0
Stealth        | 3 |  3.0
Fire Magic     | 1 3 4 5 |  5.3
Air Magic      | 1 |  1.2
Poison Magic   | 1 |  1.0
Earth Magic    | 1 |  1.1
Evocations     | 1 |  1.0
Summonings     | |  1.1
Translocations | |  1.1

Action                   |  1- 3 |  4- 6 |  7- 9 || total
-------------------------+-------+-------+-------++-------
Melee: Dagger            |       |     6 |    36 ||    42
       Spear             |       |    45 |     8 ||    53
 Cast: Magic Dart        |    68 |   139 |   149 ||   356
       Call Imp          |       |     5 |     5 ||    10
       Mephitic Cloud    |       |     7 |    16 ||    23
       Conjure Flame     |       |     3 |    12 ||    15
       Blink             |       |     3 |     3 ||     6
 Stab: Confused          |       |     7 |       ||     7
Armor: Leather armour    |     1 |    14 |    11 ||    26
Dodge: Dodged            |     7 |    43 |    38 ||    88

Table legend: (Time is in decaauts)
 A = Elapsed time spent in this place.
 B = Non-inter-level travel time spent in this place.
 C = Inter-level travel time spent in this place.
 D = Time resting spent in this place.
 E = Time spent auto-exploring this place.
 F = Levels seen in this place.
 G = Mean time per level.
                   A        B        C        D        E       F      G
               +--------+--------+--------+--------+--------+-----+--------+
         Total |   8371 |   8118 |    253 |    599 |   6406 |   8 | 1046.4 |
       Dungeon |   8371 |   8118 |    253 |    599 |   6406 |   8 | 1046.4 |
               +--------+--------+--------+--------+--------+-----+--------+

Top non-repeatable levels by time:
     D:3: 1769 daAuts
     D:4: 1678 daAuts
     D:5: 1640 daAuts
     D:1: 1035 daAuts
     D:2: 1034 daAuts
     D:7: 663 daAuts
     D:8: 528 daAuts
     D:6: 19 daAuts
